 Dungeon Crawl Stone Soup version 0.27.1-33-g824d729ab1 (webtiles) character file.

Game seed: 18288901498987135321

198 Descartes the Ducker (level 5, 0/25 HPs)
             Began as a Felid Wanderer on Nov 28, 2021.
             Slain by a sky beast (5 damage)
             ... on level 4 of the Dungeon.
             The game lasted 00:09:13 (4933 turns).

Descartes the Ducker (Felid Wanderer)               Turns: 4933, Time: 00:09:13

Health: 0/25       AC:  1    Str: 12    XL:     5   Next: 47%
Magic:  6/6        EV: 23    Int: 11    God:
Gold:   127        SH:  0    Dex: 15    Spells: 2/4 levels left
                                        Lives:  0   Deaths: 1

rFire    . . .     SeeInvis +     - Unarmed
rCold    . . .     Faith    .   (shield unavailable)
rNeg     . . .     Spirit   .   (armour unavailable)
rPois    .         Reflect  .   (helmet unavailable)
rElec    .         Harm     .   (cloak unavailable)
rCorr    .         Rampage  .   (gloves unavailable)
Will     .....                  (boots unavailable)
Stlth    ++........             (no amulet)
HPRegen  0.08/turn              f - +4 ring of evasion
MPRegen  0.10/turn              (no ring)

@: quick
A: very small, claws 1, fangs 3, see invisible, speed 1, shaggy fur 1, stealthy
paws, no weapons or thrown items, no armour, multi-lived
a: no special abilities


You were on level 4 of the Dungeon.
You visited 1 branch of the dungeon, and saw 5 of its levels.

You collected 127 gold pieces.

Inventory:

Missiles
 h - 153 stones
Jewellery
 f - a +4 ring of evasion (left paw)
 s - an amulet of faith
Wands
 m - a wand of iceblast (8)
Scrolls
 i - 3 scrolls of teleportation {unknown}
 j - a scroll of fog {unknown}
 k - a scroll of amnesia {unknown}
 l - a scroll of identify {unknown}
 n - 4 scrolls of enchant weapon {unknown}
 o - a scroll of torment {unknown}
 p - a scroll of silence {unknown}
 r - a scroll of holy word {unknown}
Potions
 b - 2 potions of lignification
 c - 2 potions of curing
 d - a potion of brilliance {unknown}
 e - 2 potions of heal wounds {unknown}
 g - a potion of attraction {unknown}
 q - a potion of degeneration {unknown}
Miscellaneous
 a - a tin of tremorstones (2/2) (quivered)


   Skills:
 - Level 4.0 Fighting
 + Level 5.2 Dodging
 - Level 1.3 Stealth
 + Level 4.9 Unarmed Combat
 + Level 2.6 Evocations


You had 2 spell levels left.
You knew the following spells:

 Your Spells              Type           Power      Damage    Failure   Level
a - Ensorcelled Hibernat  Hex/Ice        0%         N/A       47%         2

Your spell library contained the following spells:

 Spells                   Type           Power      Damage    Failure   Level
 Conjure Flame            Conj/Fire      0%         6-21      71%         3
 Ignite Poison            Fire/Tmut/Pois 0%         N/A       71%         3
 Spider Form              Tmut/Pois      0%         N/A       71%         3
 Sticky Flame             Conj/Fire      0%         2d3       98%         4
 Shadow Creatures         Summ           N/A        N/A       100%        6


Dungeon Overview and Level Annotations

Branches:
Dungeon (5/15)
 Temple: D:4-7

Altars:
Okawaru
Trog
Vehumet
Wu Jian
Zin
The Shining One

Annotations:
D:3 Sigmund
D:4 Edmund


Innate Abilities, Weirdness & Mutations

You have sharp claws.
You have razor-sharp teeth.
You have supernaturally acute eyesight. (SInv)
You cover ground quickly. (Speed+)
You are covered in fur. (AC +1)
Your paws help you pounce on unaware monsters.
You are incapable of wielding weapons or throwing items.
You cannot wear armour.
You gain extra lives every three experience levels.


Message History

You see here 6 datura-tipped darts.
The sky beast flickers out of sight for a moment.
The gnoll shaman calls down the wrath of its god upon you.
The sky beast resists with some effort.
The gnoll shaman calls upon its god to speed up something.
The sky beast flickers out of sight for a moment.
There is a stone staircase leading up here.
The sky beast hits you but does no damage.
You climb upwards.
Level annotation: Edmund
There is a stone staircase leading down here.
You completely miss the sky beast.
The sky beast is heavily wounded.
The sky beast completely misses you.
You barely miss the sky beast. Your claw misses the sky beast.
The sky beast is heavily wounded.
You scratch the sky beast.
The sky beast is heavily wounded.
The sky beast misses you.
You barely miss the sky beast.
The sky beast is heavily wounded.
The sky beast hits you. The sky beast shocks you.
* * * LOW HITPOINT WARNING * * *
You miss the sky beast.
The sky beast is heavily wounded.
The sky beast flickers out of sight for a moment.
The sky beast misses you.
You barely miss the sky beast.
You bite the sky beast, but do no damage.
The sky beast is heavily wounded.
The sky beast closely misses you.
You claw the sky beast!
The sky beast is almost dead.
The sky beast completely misses you.
You closely miss the sky beast.
The sky beast is almost dead.
The sky beast hits you.
* * * LOW HITPOINT WARNING * * *
The sky beast shocks you.
You die...

#####........#####
#...####..# #......#.#...#
#._.##....'
###.####.#...###
#......#### ....# #..#..##
#...#### # .######....##
#.#.# # ##
#....##############.#.# #
#...###.............#.#
######### #..........##.#.#
...<.######....Y@....##...#
.....@....#..........##...#
#########............##.#.#
###..........##.#[#
#..........##.#.#
#..........##.#.#
#..........##...#
#...............#
############...##


You could see a sky beast (invisible).

Vanquished Creatures
  A phantom (D:4)
  An orc priest (D:3)
  An iguana (D:4)
  5 adders
  An adder skeleton (D:4)
  2 worms (D:2)
  A dart slug (D:2)
  4 orcs
  7 bats
  6 endoplasms
  4 giant cockroaches
  7 goblins
  5 hobgoblins
  5 jackals
  6 quokkas
  7 ball pythons
  5 frilled lizards
  5 kobolds
  9 rats
82 creatures vanquished.

Vanquished Creatures (others)
  3 plants (D:4)
3 creatures vanquished.

Grand Total: 85 creatures vanquished

Notes
Turn   | Place    | Note
-------+----------+-------------------------------------------
     0 | D:1      | Descartes the Felid Wanderer began the quest for the Orb.
     0 | D:1      | Descartes set off with the following items: a tin of
                  | tremorstones (2/2), a potion of lignification, a potion of
                  | curing
     0 | D:1      | Reached XP level 1. HP: 11/11 MP: 2/2
   162 | D:1      | Reached skill level 2 in Dodging
   268 | D:1      | Reached XP level 2. HP: 15/15 MP: 3/3
   669 | D:1      | Found a faded altar of an unknown god.
   704 | D:1      | Reached skill level 3 in Dodging
   929 | D:1      | Reached XP level 3. HP: 18/18 MP: 4/4
  1567 | D:2      | Reached XP level 4. HP: 20/22 MP: 5/5
  1958 | D:2      | Reached skill level 4 in Dodging
  2128 | D:2      | Learned a level 2 spell: Ensorcelled Hibernation
  2328 | D:3      | Noticed Sigmund
  2958 | D:3      | Identified the +2 robe of the Elven Halls {Harm rElec}
  3673 | D:4      | Found a glowing golden altar of the Shining One.
  3675 | D:4      | Found an ornate altar of the Wu Jian Council.
  3675 | D:4      | Found an iron altar of Okawaru.
  3675 | D:4      | Found a radiant altar of Vehumet.
  3875 | D:3      | Mangled by an orc priest
  3876 | D:3      | Reached XP level 3. HP: -6/18 MP: 4/4
  3890 | D:3      | Reached XP level 4. HP: 7/22 MP: 5/5
  4200 | D:4      | Noticed a phantom
  4207 | D:4      | Killed a phantom
  4208 | D:4      | Reached skill level 5 in Dodging
  4208 | D:4      | Reached XP level 5. HP: 24/25 MP: 6/6
  4220 | D:4      | Found a bloodstained altar of Trog.
  4492 | D:4      | Noticed Edmund
  4816 | D:4      | Identified the +6 scale mail of Imperfection {Harm rN+
                  | Int+3 Dex+2 Stlth+}
  4867 | D:4      | Found a glowing silver altar of Zin.
  4868 | D:4      | Noticed an angel
  4890 | D:5      | Entered Level 5 of the Dungeon
  4900 | D:5      | Noticed a sky beast
  4933 | D:4      | Slain by a sky beast

Illustrated notes

Levels and vault maps discovered:
D:1:      evilmike_arrival_home_sweet_home, layout_basic,
          dilly_ecumenical_altar_fadedgnrine
D:2:      layout_rooms
D:3:      layout_loops_cross, minivault_5, kennysheep_nub, uniq_sigmund
D:4:      layout_rooms, mainiacjoe_overflow_boulevard, zin_angel,
          chequers_temple_overflow_statue_of_worship, guppyfry_early_lair_pool,
          uniq_edmund
D:5:      layout_basic, gammafunk_temple_overflow_pools, fedhas_altar_2,
          amcnicky_altar_gilded, lemuel_round_altar, minmay_misc_feat_iff

Skill      XL: |  1  2  3  4 |
---------------+-------------+-----
Dodging        | 2 3 5 |  5.2
Unarmed Combat | 4 |  4.9
Evocations     | 2 |  2.6
Fighting       | |  4.0
Stealth        | |  1.3

Action                   |  1- 3 |  4- 6 || total
-------------------------+-------+-------++-------
Melee: Unarmed           |   117 |   148 ||   265
       Bite              |     9 |    11 ||    20
       Punch             |       |     4 ||     4
  Use: Potion            |       |     1 ||     1
 Stab: Sleeping          |     5 |     5 ||    10
Armor: Skin              |     8 |     3 ||    11
Dodge: Dodged            |   108 |   129 ||   237
